 Dungeon Crawl Stone Soup version 0.28.0 (webtiles) character file.

Game seed: 8592225894049502895

203 Sanktem7 the Covered (level 5, 0/47 HPs)
             Began as a Minotaur Fighter on Feb 13, 2022.
             Succumbed to an adder's poison
             ... on level 4 of the Dungeon.
             The game lasted 00:06:27 (2189 turns).

Sanktem7 the Covered (Minotaur Fighter)             Turns: 2189, Time: 00:06:27

Health: 0/47       AC:  7    Str: 22    XL:     5   Next: 51%
Magic:  4/4        EV:  9    Int:  5    God:
Gold:   88         SH:  4    Dex: 10    Spells: 4/4 levels left

rFire   . . .      SeeInvis .   a - +0 war axe
rCold   . . .      Faith    .   c - +0 buckler
rNeg    . . .      Spirit   .   b - +0 scale mail
rPois   +          Reflect  .   (helmet restricted)
rElec   .          Harm     .   (no cloak)
rCorr   .          Rampage  .   (no gloves)
Will    .....                   (no boots)
Stlth   ..........              (no amulet)
HPRegen 0.15/turn               m - ring of poison resistance
MPRegen 0.09/turn               (no ring)

@: lethally poisoned (0 -> -3)
A: horns 2, retaliatory headbutt
a: no special abilities


You were on level 4 of the Dungeon.
You visited 1 branch of the dungeon, and saw 4 of its levels.

You collected 88 gold pieces.

Inventory:

Hand Weapons
 a - a +0 war axe (weapon)
Missiles
 g - 2 javelins (quivered)
Armour
 b - a +0 scale mail (worn)
 c - a +0 buckler (worn)
Jewellery
 m - a ring of poison resistance (left hand)
 p - an amulet of faith
Scrolls
 e - 2 scrolls of teleportation {unknown}
 f - a scroll of fog {unknown}
 j - 3 scrolls of fear {unknown}
 k - a scroll of enchant armour {unknown}
 l - a scroll of vulnerability {unknown}
 n - a scroll of blinking {unknown}
Potions
 d - 2 potions of might
 h - a potion of attraction {unknown}
 i - a potion of ambrosia {unknown}
 o - a potion of haste {unknown}


   Skills:
 * Level 4.8 Fighting
 * Level 4.8 Axes
 * Level 5.0 Armour
 + Level 1.2 Dodging
 - Level 3.6 Shields


You had 4 spell levels left.
You didn't know any spells.
Your spell library contained the following spells:

 Spells                   Type           Power      Damage    Failure   Level
 Sandblast                Erth           0%         2d4       87%         1
 Summon Small Mammal      Summ           0%         N/A       87%         1
 Passwall                 Tmut/Erth      0%         N/A       95%         2
 Call Canine Familiar     Summ           0%         N/A       99%         3
 Stone Arrow              Conj/Erth      0%         3d7       99%         3
 Summon Guardian Golem    Hex/Summ       0%         N/A       99%         3


Dungeon Overview and Level Annotations

Branches:
Dungeon (4/15)
 Temple: D:4-7

Altars:
Ashenzari
Cheibriados
Zin

Shops:
D:4 !


Innate Abilities, Weirdness & Mutations

You have a pair of horns on your head.
You reflexively headbutt those who attack you in melee.


Message History

The adder is severely wounded.
You hit the black bear. The black bear barely misses you.
The black bear claws you but does no damage. x2
The adder bites you but does no damage. The black bear bites you!
The black bear claws you but does no damage.
The black bear claws you. The adder bites you but does no damage.
You closely miss the adder. Your headbutt misses the adder.
The adder is severely wounded.
You slash the black bear! You block the black bear's attack.
The black bear claws you but does no damage.
The black bear claws you.
* * * LOW HITPOINT WARNING * * *
The adder bites you.
* * * LOW HITPOINT WARNING * * *
You are poisoned.
The adder poisons you! The black bear closely misses you.
The black bear claws you but does no damage.
The black bear claws you.
* * * LOW HITPOINT WARNING * * *
The adder bites you but does no damage. The black bear closely misses you.
You furiously retaliate!
You headbutt the black bear. The black bear closely misses you.
The black bear claws you but does no damage.
You barely miss the adder. You headbutt the adder.
The adder is almost dead.
You hit the black bear.
You kill the black bear!
* * * LOW HITPOINT WARNING * * *
You feel sick. You block the adder's attack.
The adder bites you but does no damage.
Your Armour skill increases to level 5!
You have reached level 5!
You closely miss the adder.
The adder is almost dead.
* * * LOW HITPOINT WARNING * * *
You feel sick. The adder bites you but does no damage.
Unknown command.
You hit the adder.
You kill the adder!
You die...

.....##
.......
...... #
..... #.####
...##
...##....##
###.#>)....#
##....@..#
#......†.#
#.#.<.#..#
#.#.####
..∩..#
###.#.#
#...# #####


There were no monsters in sight!

Vanquished Creatures
  A black bear (D:4)
  A hound skeleton (D:4)
  4 adders
  A worm (D:2)
  2 dart slugs
  7 endoplasms
  4 giant cockroaches
  6 goblins
  8 hobgoblins
  3 jackals (D:2)
  7 kobolds
  3 quokkas (D:1)
  7 ball pythons
  3 bats (D:1)
  2 frilled lizards
  A rat (D:2)
60 creatures vanquished.

Vanquished Creatures (others)
  2 plants (D:2)
2 creatures vanquished.

Grand Total: 62 creatures vanquished

Notes
Turn   | Place    | Note
-------+----------+-------------------------------------------
     0 | D:1      | Sanktem7 the Minotaur Fighter began the quest for the Orb.
     0 | D:1      | Reached XP level 1. HP: 19/19 MP: 0/0
   278 | D:1      | Reached XP level 2. HP: 25/27 MP: 1/1
   735 | D:1      | Reached XP level 3. HP: 28/34 MP: 2/2
   950 | D:2      | Reached skill level 4 in Armour
   989 | D:2      | Reached skill level 1 in Dodging
  1205 | D:2      | Reached XP level 4. HP: 40/41 MP: 3/3
  1261 | D:2      | Found a faded altar of an unknown god.
  2085 | D:3      | Found a glowing silver altar of Zin.
  2085 | D:3      | Found a snail-covered altar of Cheibriados.
  2086 | D:3      | Found a broken altar of Ashenzari.
  2173 | D:4      | Found Iwuecwo's Distillery.
  2177 | D:4      | Noticed a black bear
  2187 | D:4      | Killed a black bear
  2187 | D:4      | HP: 2/41 [poisoned by an adder]
  2188 | D:4      | Reached skill level 5 in Armour
  2188 | D:4      | Reached XP level 5. HP: 3/47 MP: 4/4
  2189 | D:4      | Succumbed to an adder's poison

Illustrated notes

Levels and vault maps discovered:
D:1:      shiori_arrival_oz, layout_basic
D:2:      layout_rooms, shapermc_ecumenical_altar_mp_ritualfount
D:3:      layout_loops_ring, gammafunk_temple_overflow_claw
D:4:      layout_cave_pools, elyvilon_altar_1,
          minmay_temple_entry_statues_pillars, serial_shops,
          nicolae_shop_crystal, shop, nicolae_shop_bloodbath_and_beyond,
          kennysheep_little_box, nicolae_take_the_stairs

Skill      XL: |  1  2  3  4 |
---------------+-------------+-----
Fighting       | 4 |  4.8
Axes           | 3 4 |  4.8
Armour         | 4 5 |  5.0
Dodging        | 1 |  1.2
Shields        | |  3.6

Action                   |  1- 3 |  4- 6 || total
-------------------------+-------+-------++-------
Melee: War axe           |    72 |    45 ||   117
       Headbutt          |    12 |     4 ||    16
Armor: Scale mail        |    37 |    35 ||    72
Dodge: Dodged            |    46 |    28 ||    74
Block: Buckler           |    23 |     7 ||    30
